 Dungeon Crawl Stone Soup version 0.21.1 (webtiles) character file.

16 tidbits the Charmwright (level 2, -4/26 HPs)
             Began as a Gnoll Skald on Feb 3, 2018.
             Slain by a hippogriff (10 damage)
             ... on level 3 of the Dungeon.
             The game lasted 00:02:21 (208 turns).

tidbits the Charmwright (Gnoll Skald)                Turns: 208, Time: 00:02:21

Health: -4/26      AC:  3    Str: 13    XL:     2   Next: 54%
Magic:  1/7        EV: 20    Int: 15    God:
Gold:   24         SH:  0    Dex: 19    Spells: 5/10 levels left

rFire    . . .     SeeInvis .   a - +0 hand axe
rCold    . . .     Gourm    .   (no shield)
rNeg     + . .     Faith    .   b - +0 leather armour
rPois    .         Spirit   .   (no helmet)
rElec    .         Reflect  .   (no cloak)
rCorr    .         Harm     .   (no gloves)
MR       .....                  (no boots)
Stlth    +++.......             (no amulet)
HPRegen  0.08/turn              h - ring of positive energy
MPRegen  0.10/turn              (no ring)

@: agile, infused, very slightly contaminated
A: distributed training, fangs 1, strong nose
a: no special abilities


You were on level 3 of the Dungeon.
You were not hungry.

You visited 1 branch of the dungeon, and saw 3 of its levels.

You collected 24 gold pieces.

Inventory:

Hand Weapons
 a - a +0 hand axe (weapon)
Missiles
 g - 5 tomahawks (quivered)
Armour
 b - a +0 leather armour (worn)
Jewellery
 h - a ring of positive energy (left hand)
   (You found it on level 2 of the Dungeon)
Scrolls
 f - 2 scrolls of identify {unknown}
 i - a scroll of enchant weapon {unknown}
Potions
 e - a potion of curing
Books
 c - a book of Battle

   Spells                             Type                      Level
   a - Infusion                       Charms                       1
   b - Shroud of Golubria             Charms/Translocation         2
   c - Song of Slaying                Charms                       2
   d - Spectral Weapon                Hexes/Charms                 3
   e - Regeneration                   Charms/Necromancy            3
Comestibles
 d - a ration


   Skills:
 + Level 4.5 Fighting
 + Level 0.4 Short Blades
 + Level 0.4 Long Blades
 + Level 4.5 Axes
 + Level 0.4 Maces & Flails
 + Level 0.4 Polearms
 + Level 0.4 Staves
 + Level 0.4 Slings
 + Level 0.4 Bows
 + Level 0.4 Crossbows
 + Level 0.4 Throwing
 + Level 2.5 Armour
 + Level 4.5 Dodging
 + Level 0.4 Stealth
 + Level 0.4 Shields
 + Level 0.4 Unarmed Combat
 + Level 4.9 Spellcasting
 + Level 0.2 Conjurations
 + Level 0.2 Hexes
 + Level 5.3 Charms
 + Level 0.2 Summonings
 + Level 0.2 Necromancy
 + Level 0.2 Translocations
 + Level 0.2 Transmutations
 + Level 0.2 Fire Magic
 + Level 0.2 Ice Magic
 + Level 0.2 Air Magic
 + Level 0.2 Earth Magic
 + Level 0.2 Poison Magic
 + Level 0.5 Invocations
 + Level 0.4 Evocations


You had 5 spell levels left.
You knew the following spells:

 Your Spells              Type           Power        Failure   Level  Hunger
g - Shroud of Golubria    Chrm/Tloc      ##........   10%         2    ##.....
i - Infusion              Chrm           ###.         2%          1    None
y - Song of Slaying       Chrm           ###.....     3%          2    ##.....


Dungeon Overview and Level Annotations

Branches:
Dungeon (3/15)

Altars:


Innate Abilities, Weirdness & Mutations

Your experience applies equally to all skills.
You have very sharp teeth.
Your uncanny sense of smell can sniff out nearby items.


Message History

You climb upwards.
The goblin shouts!
Found 11 gold pieces.
There is a stone staircase leading down here.
Throwing (i - inventory):
g - 6 tomahawks (quivered)
Press: ? - help, Shift-Dir - straight line, f - goblin
Aim: a goblin You throw a tomahawk.
The tomahawk hits the goblin.
The goblin is moderately wounded.
Throwing (i - inventory):
g - 5 tomahawks (quivered)
Press: ? - help, Shift-Dir - straight line, f/p - goblin
Aim: a goblin (moderately wounded)
You throw a tomahawk.
The tomahawk hits the goblin but does no damage.
The goblin is moderately wounded.
You hit the goblin.
You kill the goblin!
You see here a tomahawk.
g - 5 tomahawks (gained 1)
You see here a tomahawk.
g - 6 tomahawks (gained 1)
You open the door.
Found a club, 16 stones and a scroll labeled ZAATEU SAXTOAPTE.
There is an open door here.
You see here a scroll labeled ZAATEU SAXTOAPTE.
i - a scroll labeled ZAATEU SAXTOAPTE
Found a hand axe.
You see here a club.
There is an open door here.
You see here 11 gold pieces.
You now have 19 gold pieces (gained 11).
There is a stone staircase leading down here.
You climb downwards.
There is a stone staircase leading up here.
Unknown command.
You see here a sedimented orange potion.
j - a sedimented orange potion You see here a scroll labeled SOPTUO TEN TYC.
f - 2 scrolls labeled SOPTUO TEN TYC (gained 1)
You see here 5 gold pieces.
You now have 24 gold pieces (gained 5).
There is a stone staircase leading down here.
You climb downwards.
There is a stone staircase leading up here.
Unknown command.
You see here a yellow potion.
k - a yellow potion A hippogriff comes into view.
The hippogriff screeches!
You hear a shout!
Found a scroll labeled SOPTUO TEN TYC.
It was a potion of curing.
You feel better.
It was a potion of agility.
You feel agile all of a sudden.
Throwing (i - inventory):
g - 6 tomahawks (quivered)
Press: ? - help, Shift-Dir - straight line, f - hippogriff
Aim: a hippogriff You throw a tomahawk.
The tomahawk hits the hippogriff.
The hippogriff is lightly wounded.
Casting: Infusion
Confirm with . or Enter, or press ? or * to list all spells.
You miscast Shroud of Golubria.
You are very lightly contaminated with residual magic.
You feel uncomfortable.
Casting: Shroud of Golubria
Confirm with . or Enter, or press ? or * to list all spells.
Space distorts slightly along a thin shroud covering your body.
The hippogriff completely misses you. x3
It was a potion of heal wounds.
You feel much better. The hippogriff barely misses you. x2
Your shroud bends the hippogriff's attack away!
You hit the hippogriff.
The hippogriff is lightly wounded.
The hippogriff barely misses you.
Your shroud bends the hippogriff's attack away!
The hippogriff barely misses you.
Casting: Shroud of Golubria
Confirm with . or Enter, or press ? or * to list all spells.
You begin infusing your attacks with magical energy.
Your shroud bends the hippogriff's attack away.
The hippogriff pecks you.
Your shroud bends the hippogriff's attack away.
You hit the hippogriff.
The hippogriff is moderately wounded.
Your shroud bends the hippogriff's attack away. x2
The hippogriff claws you but does no damage.
You hit the hippogriff.
The hippogriff is heavily wounded.
The hippogriff completely misses you. The hippogriff misses you.
The hippogriff barely misses you.
You hit the hippogriff.
The hippogriff is heavily wounded.
The hippogriff bites you. The hippogriff pecks you!
* * * LOW HITPOINT WARNING * * *
Your shroud falls apart!
The hippogriff claws you.
* * * LOW HITPOINT WARNING * * *
You hit the hippogriff.
The hippogriff is heavily wounded.
The hippogriff bites you!
You die...

#. ####.......# #.
#.###.....# #.
#.#<..###.# #.
#...####..#
#(###...# #.##
#..##.#.###.#
#.#..#.....#
##H........#######
#.@##.###........#
#.###.####.......##
... #..............
#.###
#####...).....# #.
##.......## ?.
#..........# .
#.##.......# ..
#.......# ##
#########


You could see a hippogriff.

Vanquished Creatures
  An ooze (D:2)
  An orc (D:3)
  2 goblins
  A hobgoblin (D:1)
  2 quokkas (D:3)
  A frilled lizard (D:3)
  2 rats
10 creatures vanquished.

Notes
Turn   | Place    | Note
-------+----------+-------------------------------------------
     0 | D:1      | tidbits the Gnoll Skald began the quest for the Orb.
     0 | D:1      | Reached XP level 1. HP: 20/20 MP: 6/6
    56 | D:2      | Reached XP level 2. HP: 25/26 MP: 1/7
    60 | D:2      | Learned a level 2 spell: Song of Slaying
    63 | D:2      | Learned a level 2 spell: Shroud of Golubria
   196 | D:3      | Noticed a hippogriff
   208 | D:3      | Slain by a hippogriff

Action                   || total
-------------------------++-------
Melee: Hand axe          ||    28
       Bite              ||     1
Throw: Tomahawk          ||     3
 Cast: Infusion          ||     3
       Shroud of Golubri ||     1
  Use: Potion            ||     3
Armor: Leather armour    ||     1
Dodge: Dodged            ||    26

Table legend:
 A = Turns spent in this place as a percentage of turns spent in the entire game.
 B = Non-inter-level travel turns spent in this place as a percentage of non-inter-level travel turns spent in the entire game.
 C = Inter-level travel turns spent in this place as a percentage of turns spent in this place.
 D = Turns resting spent in this place as a percentage of non-inter-level travel turns spent in this place.
 E = Turns spent auto-exploring this place as a percentage of non-inter-level travel turns spent in this place.
 F = Non-inter-level travel turns spent in this place divided by the number of levels of this place that you've seen.
                   A       B       C       D       E      F
               +-------+-------+-------+-------+-------+----------------------
         Total | 100.0 | 100.0 |   0.0 |   0.0 |   0.0 |  69.3
       Dungeon | 100.0 | 100.0 |   0.0 |   0.0 |   0.0 |  69.3
               +-------+-------+-------+-------+-------+----------------------

Table legend:
 A = Kills in this place as a percentage of kills in entire the game.
 B = Kills by you in this place as a percentage of kills by you in the entire game.
 C = Kills by friends in this place as a percentage of kills by friends in the entire game.
 D = Other kills in this place as a percentage of other kills in the entire game.
 E = Experience gained in this place as a percentage of experience gained in the entire game.
 F = Experience gained in this place divided by the number of levels of this place that you have seen.
                   A       B       C       D       E      F
               +-------+-------+-------+-------+-------+----------------------
         Total | 100.0 | 100.0 |   N/A |   N/A | 100.0 |   7.7
       Dungeon | 100.0 | 100.0 |   N/A |   N/A | 100.0 |   7.7
               +-------+-------+-------+-------+-------+----------------------

Vault maps used:
D:1:      minmay_arrival_arboretum_large
D:2:      nicolae_overflow_crystal_walls, hex_large, uniq_jessica
